 Dungeon Crawl Stone Soup version v3.33-hellcrawl-189-gd9da4bb (webtiles) character file.

37 radzia the Chopper (level 4, 0/35 HPs)
             Began as a Formicid Skald on Oct 17, 2017.
             Succumbed to a worker ant's poison
             ... on level 3 of the Dungeon.
             The game lasted 00:03:15 (2247 turns).

radzia the Chopper (Formicid Skald)                 Turns: 2247, Time: 00:03:16

Health: 0/35       AC:  5 (24%)Str: 18  XL:     4   Next: 67%
Magic:  4/6        EV: 10    Int: 11    God:
Gold:   153        SH:  0    Dex: 10    Spells: 6/7 levels left

rFire    . . .     SeeInvis +   a - +0 hand axe
rCold    . . .     Faith    .   (no shield)
rNeg     . . .     Spirit   .   g - +0 ring mail
rPois    .         Reflect  .   (helmet unavailable)
rElec    .                      (no cloak)
rCorr    .                      (no gloves)
MR       .....                  (no boots)
Stlth    ..........             (no amulet)
Regen    0.2/turn               (no ring)
MPRegen  0.2/turn               (no ring)

@: lethally poisoned (0 -> -2)
A: permanent stasis, dig shafts and tunnels, four strong arms, antennae 3
a: Dig, Shaft Self, End Infusion


You were on level 3 of the Dungeon.
You were not hungry.

You visited 1 branch of the dungeon, and saw 3 of its levels.

You collected 153 gold pieces.

Inventory:

Hand Weapons
 a - a +0 hand axe (weapon)
Missiles
 c - 262 arrows
 e - 444 stones (quivered)
 h - 169 poisoned darts
 k - 44 javelins of penetration
Armour
 b - a +0 leather armour
 g - a +0 ring mail (worn)
 m - a +0 chain mail
Jewellery
 i - an uncursed amulet of faith
Wands
 p - a wand of polymorph (4)
Scrolls
 j - 2 scrolls of enchant weapon
 o - a scroll of amnesia
 q - a scroll of enchant armour
Potions
 d - a potion of resistance
 f - a potion of mutation
 l - a potion of flight
 n - a potion of heal wounds


   Skills:
 + Level 3.1 Fighting
 * Level 3.8 Axes
 + Level 0.8 Throwing
 - Level 1.1 Armour
 - Level 0.8 Dodging
 - Level 2.4 Spellcasting
 - Level 3.0 Charms


You had 6 spell levels left.
You knew the following spells:

 Your Spells              Type           Power        Failure   Level  Hunger
a - Infusion              Chrm           7 (25)       14%         1    ##.....


Dungeon Overview and Level Annotations

Branches:
Dungeon (3/15)

Altars:
Nemelex Xobeh
Trog
Xom


Innate Abilities, Weirdness & Mutations

You are under a permanent stasis effect.
You can dig through walls and to a lower floor.
Your four strong arms can wield two-handed weapons with a shield.
You have a pair of large antennae on your head. (SInv)


Message History

* * * LOW HITPOINT WARNING * * *
The bat hits you but does no damage. The bat hits you but does no damage.
The orc wizard hits you with a +0 dagger (1).
* * * LOW HITPOINT WARNING * * *
* * * LOW HITPOINT WARNING * * *
You feel sick. The bat closely misses you. The bat barely misses you.
* * * LOW HITPOINT WARNING * * *
You feel sick.
You closely miss the orc wizard.
The orc wizard hits you but does no damage.
You hit the orc wizard (2).
The orc wizard is lightly wounded.
The orc wizard hits you but does no damage.
You barely miss the orc wizard.
The orc wizard is lightly wounded.
You hit the quokka (8)!
You kill the quokka!
You die...

#......# #......#
#......# #### #......#
...# . #......# ....#
..
#......#####....#...
#........r{{........
###......#.#.##/.....#
#.......!...oo@......#
#..........####.##.#.#
#..........# .#
#.$........# .#
########.{.# .. #...#
.# #...# .# #.o.# ##
.#


You could see an orc wizard, an orc and a quokka.

Vanquished Creatures
  3 adders (D:2)
  3 orcs (D:2)
  4 quokkas
  6 bats
  2 giant cockroaches (D:2)
  3 goblins
  8 hobgoblins
  3 ball pythons
  6 frilled lizards
  3 kobolds
  3 rats
44 creatures vanquished.

Notes
Turn   | Place    | Note
-------+----------+-------------------------------------------
     0 | D:1      | radzia the Formicid Skald began the quest for the Orb.
     0 | D:1      | Reached XP level 1. HP: 16/16 MP: 3/3
   174 | D:1      | Reached XP level 2. HP: 10/23 MP: 5/5
   730 | D:1      | Reached XP level 3. HP: 26/28 MP: 2/5
  1504 | D:2      | Found a bloodstained altar of Trog.
  1538 | D:2      | Reached XP level 4. HP: 34/34 MP: 4/6
  1696 | D:2      | Found a sparkling altar of Nemelex Xobeh.
  1804 | D:2      | Found a shimmering altar of Xom.
  2244 | D:3      | HP: 1/35 [poisoned by a worker ant]
  2247 | D:3      | Succumbed to a worker ant's poison

Skill      XL: |  1  2  3  4 |
---------------+-------------+-----
Axes           | 3 |  3.8
Fighting       | 3 |  3.1
Throwing       | |  0.8
Armour         | |  1.1
Dodging        | |  0.8
Spellcasting   | |  2.4
Charms         | |  3.0

Action                   |  1- 3 |  4- 6 || total
-------------------------+-------+-------++-------
Melee: Hand axe          |   111 |    25 ||   136
 Cast: Infusion          |     1 |       ||     1
Armor: Leather armour    |    28 |       ||    28
       Ring mail         |    19 |    12 ||    31
Dodge: Dodged            |    79 |    17 ||    96
